 Dungeon Crawl Stone Soup version 0.18.1-48-g4cf74bf (webtiles) character file.

12028 nikopol the Cleaver (level 11, 0/145 HPs)
             Began as a Hill Orc Berserker on June 28, 2016.
             Was a High Priest of Trog.
             Slain by a 19-headed hydra (5 damage)
             ... on level 2 of the Lair of Beasts.
             The game lasted 01:03:08 (12970 turns).

nikopol the Cleaver (Hill Orc Berserker)           Turns: 12970, Time: 01:03:09

Health: 0/145      AC: 19    Str: 27    XL:     11   Next: 87%
Magic:  11/11      EV: 10    Int:  7    God:    Trog [*****.]
Gold:   605        SH: 19    Dex: 12    Spells: 0 memorised, 10 levels left

rFire  . . .     SeeInvis .     x - +0 war axe
rCold  . . .     Gourm    .     S - +2 chain mail {rPois}
rNeg   . . .     Faith    .     w - +0 shield
rPois  +         Spirit   .     K - +2 helmet
rElec  .         Dismiss  .     T - +0 cloak
rCorr  .         Reflect  +     q - +0 pair of gloves
SustAt .         Harm     .     (no boots)
MR     .....                    y - +6 amulet of reflection
Stlth  ..........               (no ring)
                                h - +4 ring of slaying

@: berserking (expiring), very quick, not resistant to hostile enchantments,
extremely unstealthy
A: no striking features
a: Berserk, Trog's Hand, Brothers in Arms, Burn Spellbooks, Renounce Religion


You were on level 2 of the Lair of Beasts.
You worshipped Trog.
Trog was extremely pleased with you.
You were hungry.

You visited 2 branches of the dungeon, and saw 12 of its levels.
You also visited: Sewer.

You collected 650 gold pieces.
You spent 45 gold pieces at shops.

Inventory:

Hand Weapons
 x - a +0 war axe (weapon)
Missiles
 o - 9 tomahawks (quivered)
 N - 4 steel tomahawks
Armour
 g - a +3 plate armour
 q - a +0 pair of gloves (worn)
 w - a +0 shield (worn)
 K - a +2 helmet (worn)
 S - a +2 chain mail of poison resistance (worn)
 T - a +0 cloak (worn)
Jewellery
 h - a +4 ring of slaying (left hand)
 y - a +6 amulet of reflection (around neck)
 J - the amulet of the Failed Coup {Harm *Drain MR++}
   (You found it on level 6 of the Dungeon)

   [amulet of harm]

   It increases damage dealt and taken.
   It affects your resistance to hostile enchantments.
Wands
 W - a wand of teleportation (6/9)
Scrolls
 d - a scroll of fog
 j - 4 scrolls of recharging
 k - 5 scrolls of teleportation
 A - 3 scrolls of enchant armour {unknown}
 E - 3 scrolls of vulnerability {unknown}
 I - 2 scrolls of torment {unknown}
 L - 2 scrolls of enchant weapon
 M - 3 scrolls of random uselessness {unknown}
 P - 2 scrolls of identify
 R - 5 scrolls of magic mapping {unknown}
 U - 3 scrolls of remove curse
 V - a scroll of blinking
 Y - a scroll of fear {unknown}
Potions
 b - 3 potions of curing {unknown}
 e - 3 potions of resistance
 f - a potion of heal wounds
 i - 2 potions of flight
 n - 2 potions of berserk rage
 r - a potion of magic {unknown}
 t - 5 potions of might
 u - 2 potions of agility
 z - 2 potions of cancellation {unknown}
 B - 5 potions of lignification {unknown}
 F - 4 potions of brilliance
 H - 2 potions of ambrosia {unknown}
 Z - a potion of cure mutation {unknown}
Comestibles
 a - 7 chunks of flesh
 c - 11 bread rations
 l - 6 beef jerkies
 m - 8 meat rations
 p - 7 fruits
 O - 2 royal jellies
 Q - a slice of pizza


   Skills:
 + Level 9.5 Fighting
 * Level 13.0 Axes
 + Level 8.2 Armour
 + Level 6.3 Dodging
 * Level 10.4 Shields


You had 10 spell levels left.
You didn't know any spells.

Dungeon Overview and Level Annotations

Branches:
Dungeon (10/15)            Temple (0/1) D:4            Lair (2/8) D:10
    Orc: D:9-12

Altars:
Dithmenos
Fedhas
Nemelex Xobeh
Trog
Xom
Yredelemnul

Shops:
D:6 *   D:10 *

Annotations:
D:10 exclusion: orange crystal statue


Message History

The 17-headed hydra bites you but does no damage.
The 17-headed hydra bites you.
* * * LOW HITPOINT WARNING * * *
The 17-headed hydra barely misses you. You block the 17-headed hydra's attack.
The 17-headed hydra bites you.
* * * LOW HITPOINT WARNING * * *
You block the 17-headed hydra's attack.
The 17-headed hydra bites you but does no damage.
You block the 17-headed hydra's attack. The 17-headed hydra closely misses you.
You block the 17-headed hydra's attack.
The 17-headed hydra bites you but does no damage. x2
You slice one of the 17-headed hydra's heads off!
The 16-headed hydra grows two more!
You slash the 18-headed hydra!
The 18-headed hydra is severely wounded.
You slice one of the 18-headed hydra's heads off!
The 17-headed hydra grows two more!
You slice the 19-headed hydra!!
The 19-headed hydra is severely wounded.
The 19-headed hydra bites you but does no damage.
The 19-headed hydra closely misses you. The 19-headed hydra bites you.
You die...

...§§≈##≈........##
...§§###≈........#
#..§#≈§§§.......# .
#.≈§≈≈§§.......## ..
#.....§.......... ...#
##............P..#
..#..##?...........P....
.......................#
......D@................
......†.(...............
...................#....
.....................#..
...r....................
.....................###
.r###...#..............#
..##......<#P...........
.#.....#P###........>.P


You could see a 19-headed hydra and 2 river rats.

Vanquished Creatures
  The ghost of junkhipster the Shield-Bearer, a novice DDFi of the Shining One (D:8)
  A hill giant (D:10)
  An ugly thing (D:10)
  A black mamba (Lair:2)
  3 spiny frogs
  A centaur skeleton (D:10)
  A komodo dragon (Lair:1)
  A merfolk (D:9)
  13 yaks
  Grum (Lair:1)
  2 porcupines (Lair:2)
  2 water moccasins (Lair:1)
  4 sky beasts
  A necrophage (D:10)
  6 orc warriors
  3 phantoms
  4 ice beasts
  A black bear (D:8)
  3 wolves (Lair:1)
  4 ogres
  2 centaurs
  3 crocodiles
  3 big kobolds (Sewer)
  10 giant frogs
  A wyvern zombie (D:10)
  A scorpion (D:9)
  A water moccasin skeleton (D:6)
  8 howler monkeys
  5 wights (D:8)
  2 centaur zombies
  A crimson imp (D:6)
  A giant frog zombie (D:6)
  6 orc priests
  4 hounds
  2 giant frog skeletons (D:4)
  4 iguanas
  7 orc wizards
  4 worker ants
  A killer bee zombie (D:8)
  9 sheep
  A hound zombie (D:4)
  A hound skeleton (D:10)
  12 adders
  11 river rats
  2 shadow imps
  2 oozes (D:1)
  An adder zombie (D:7)
  2 adder skeletons (D:4)
  2 worms
  13 dart slugs
  4 giant geckos
  26 orcs
  8 bats
  2 giant cockroaches
  7 goblins
  4 hobgoblins
  16 jackals
  7 quokkas
  4 ball pythons
  A giant gecko skeleton (D:8)
  7 giant newts
  A jackal skeleton (D:4)
  13 kobolds
  A quokka zombie (D:6)
  16 rats
  A fungus (Lair:2)
294 creatures vanquished.

Vanquished Creatures (collateral kills)
  The ghost of Malvoorn the Spear-Bearer, a novice DrSk (D:6)
  An elephant (D:10)
  A hound (D:10)
  An orc wizard (D:6)
  A worker ant (D:6)
  An adder zombie (D:6)
  2 orcs (D:6)
  A quokka (D:6)
9 creatures vanquished.

Vanquished Creatures (others)
  A goblin (D:4)
  A kobold (Sewer)
2 creatures vanquished.

Grand Total: 305 creatures vanquished

Notes
Turn   | Place    | Note
--------------------------------------------------------------
     0 | D:1      | nikopol the Hill Orc Berserker began the quest for the Orb.
     0 | D:1      | Reached XP level 1. HP: 19/19 MP: 1/1
   229 | D:1      | Reached XP level 2. HP: 26/27 MP: 2/2
   886 | D:1      | Reached XP level 3. HP: 30/33 MP: 3/3
  1147 | D:1      | Reached ** piety under Trog
  1346 | D:2      | Found a faded altar to an unknown god.
  1456 | D:2      | You fall through a shaft!
  1472 | D:3      | Reached XP level 4. HP: 28/40 MP: 4/4
  1698 | D:3      | Found a sparkling altar of Nemelex Xobeh.
  1908 | D:3      | Reached skill level 5 in Axes
  1908 | D:3      | Reached skill level 1 in Shields
  1908 | D:3      | Reached XP level 5. HP: 46/47 MP: 5/5
  2106 | D:2      | Found a basalt altar of Yredelemnul.
  2290 | D:2      | Found a blossoming altar of Fedhas.
  2579 | D:3      | Reached *** piety under Trog
  3646 | D:4      | Reached XP level 6. HP: 54/55 MP: 6/6
  3854 | D:4      | Reached skill level 5 in Fighting
  4128 | D:4      | Reached XP level 7. HP: 57/61 MP: 7/7
  4162 | D:4      | Reached skill level 6 in Axes
  4505 | D:4      | Found a staircase to the Ecumenical Temple.
  4541 | D:5      | Entered Level 5 of the Dungeon
  4634 | D:5      | Found a glowing drain.
  4638 | Sewer    | Entered a sewer
  4925 | Sewer    | Reached **** piety under Trog
  5202 | D:5      | Reached skill level 7 in Axes
  5202 | D:5      | Reached XP level 8. HP: 64/70 MP: 8/8
  5252 | D:5      | Got a steaming trident
  5253 | D:5      | Identified the cursed +0 trident of Azorusm {drain, rElec rPois rC++ MR-} (You found it on level 5 of the Dungeon)
  5575 | D:5      | Reached skill level 5 in Shields
  5655 | D:6      | Reached skill level 8 in Axes
  5671 | D:6      | Got a serpentine tin amulet
  5762 | D:6      | Found Vamepro's General Store.
  5770 | D:6      | Bought a scroll of remove curse for 45 gold pieces
  5865 | D:6      | Reached skill level 5 in Armour
  5973 | D:6      | Reached XP level 9. HP: 27/78 MP: 9/9
  6510 | D:6      | Noticed Malvoorn's ghost (novice DrSk)
  6515 | D:6      | Reached skill level 9 in Axes
  6550 | D:6      | Killed Malvoorn's ghost
  7526 | D:7      | Found a shimmering altar of Xom.
  7527 | D:7      | Found a shimmering altar of Xom.
  7528 | D:7      | Found a shimmering altar of Xom.
  7535 | D:7      | Found a shimmering altar of Xom.
  7535 | D:7      | Found a shimmering altar of Xom.
  7866 | D:8      | Reached skill level 10 in Axes
  7925 | D:8      | Identified the amulet of the Failed Coup {Harm *Drain MR++} (You found it on level 6 of the Dungeon)
  7944 | D:8      | Noticed junkhipster's ghost (novice DDFi)
  7960 | D:8      | Killed junkhipster's ghost
  7960 | D:8      | Reached skill level 5 in Dodging
  7960 | D:8      | Reached XP level 10. HP: 86/86 MP: 10/10
  8031 | D:8      | Found a bloodstained altar of Trog.
  8541 | D:8      | Reached skill level 11 in Axes
  8954 | D:9      | Reached ***** piety under Trog
  9077 | D:9      | Found a bloodstained altar of Trog.
  9128 | D:9      | Found a shadowy altar of Dithmenos.
  9373 | D:10     | Entered Level 10 of the Dungeon
  9461 | D:10     | Noticed a hill giant
  9472 | D:10     | Killed a hill giant
  9649 | D:10     | Found a staircase to the Lair.
  9668 | D:10     | Noticed an elephant
  9678 | D:10     | Killed an elephant
  9848 | D:10     | Reached XP level 11. HP: 91/95 MP: 11/11
  9876 | D:10     | Noticed a brown ugly thing
  9899 | D:10     | Killed a brown ugly thing
  9899 | D:10     | Reached skill level 12 in Axes
 10499 | D:10     | Found Ziqafeux's Assorted Antiques.
 10506 | D:10     | Noticed an orange crystal statue
 10963 | Lair:1   | Entered Level 1 of the Lair of Beasts
 11147 | Lair:1   | Noticed Grum
 11168 | Lair:1   | Killed Grum
 11399 | Lair:1   | Reached skill level 10 in Shields
 12864 | Lair:2   | Reached skill level 13 in Axes
 12950 | Lair:2   | Noticed a six-headed hydra
 12968 | Lair:2   | HP: 4/145 [17-headed hydra (4)]
 12970 | Lair:2   | Slain by a 19-headed hydra

Skill      XL: |  1  2  3  4  5  6  7  8  9 10 11 |
---------------+----------------------------------+-----
Fighting       | 4 5 6 7 8 9 |  9.5
Dodging        | 2 3 4 5 6 |  6.3
Axes           | 5 7 8 10 11 13 | 13.0
Armour         | 3 4 5 6 7 8 |  8.2
Shields        | 1 2 3 4 5 7 9 10 | 10.4

Action                   |  1- 3 |  4- 6 |  7- 9 | 10-12 || total
-------------------------+-------+-------+-------+-------++-------
Melee: Hand axe          |   119 |   159 |   345 |       ||   623
       Trident           |       |       |    59 |       ||    59
       War axe           |       |       |    10 |   491 ||   501
Invok: Berserk           |     1 |     1 |     5 |     3 ||    10
       Brothers in Arms  |       |       |     1 |     1 ||     2
       Burn Spellbooks   |       |       |       |     2 ||     2
  Use: Scroll            |       |    11 |     7 |     2 ||    20
  Eat: Chunk             |     3 |     9 |    16 |    19 ||    47
       Pizza             |       |       |     1 |       ||     1
       Fruit             |       |       |       |     1 ||     1
Armor: Ring mail         |    44 |    12 |       |       ||    56
       Animal skin       |     5 |       |       |       ||     5
       Scale mail        |       |    37 |    87 |    38 ||   162
       Chain mail        |       |       |       |    89 ||    89
Dodge: Dodged            |    85 |    52 |    60 |   118 ||   315
Block: Shield            |       |    68 |   252 |   371 ||   691
       Reflection        |       |       |    11 |    11 ||    22
